Construct Section Command Post
Selects Australian Defense Battlegroup
Selects Australian Light Infantry Section
Australian Light Infantry Section
Australian Light Infantry Section
Construct Platoon Command Post
Construct Field Infirmary
Unlock M3 Stuart Light Tanks
Selects CMP 15cwt Supply Run
Selects Reinforced Resource Caches
Australian Light Infantry Section
6-pounder Anti-tank Gun Team
Selects Archer Tank Destroyer
Selects Archer Tank Destroyer
Selects Archer Tank Destroyer
Unlock Bishop Self-propelled Artillery
Selects 2-pounder Anti-tank Gun Team
Selects Vehicle Over Repair
Bishop Self-propelled Artillery
Bishop Self-propelled Artillery
Australian Light Infantry Section
Construct Company Command Post